 Dungeon Crawl Stone Soup version 0.29-a0-542-g075992c915 (webtiles) character file.

Game seed: 15815876947573498421

46 Bruhh the Skirmisher (level 3, 23/24 HPs)
             Began as a Gargoyle Chaos Knight on June 4, 2022.
             Was a Plaything of Xom.
             Quit the game on level 2 of the Dungeon.
             The game lasted 00:01:10 (1324 turns).

Bruhh the Skirmisher (Gargoyle Chaos Knight)        Turns: 1324, Time: 00:01:11

Health: 23/24      AC:  8    Str: 17    XL:     3   Next: 66%
Magic:  3/3        EV: 11    Int: 12    God:    Xom [...*..]
Gold:   37         SH:  0    Dex:  9    Spells: 2/2 levels left

rFire   . . .      SeeInvis .   a - +0 mace (chaos)
rCold   . . .      Faith    .   (no shield)
rNeg    + . .      Spirit   .   b - +2 leather armour
rPois   ∞          Reflect  .   (no helmet)
rElec   +          Harm     .   (no cloak)
rCorr   .          Rampage  .   (no gloves)
Will    .....                   (no boots)
Stlth   +.........              (no amulet)
HPRegen 0.08/turn               (no ring)
MPRegen 0.08/turn               (no ring)

@: no status effects
A: sickness immunity, AC +3, negative energy resistance 1, electricity
resistance, torment resistance 1, petrification resistance
a: Renounce Religion


You were on level 2 of the Dungeon.
You worshipped Xom.
You were a favourite toy of Xom.
You visited 1 branch of the dungeon, and saw 2 of its levels.

You collected 37 gold pieces.

Inventory:

Hand Weapons
 a - a +0 mace of chaos (weapon)
Armour
 b - a +2 leather armour (worn)
Jewellery
 g - a ring of protection from cold
Scrolls
 d - 2 scrolls of identify {unknown}
 f - a scroll of fog {unknown}
 h - a scroll of teleportation {unknown}
Potions
 e - 3 potions of curing {unknown}
Miscellaneous
 c - a piece from Xom's chessboard (15/15) (quivered)


   Skills:
 + Level 4.2 Fighting
 + Level 3.8 Maces & Flails
 - Level 2.1 Armour
 - Level 0.7 Dodging


You had 2 spell levels left.
You didn't know any spells.
Your spell library contained the following spells:

 Spells                   Type           Power      Damage    Failure   Level
 Freeze                   Ice            0%         1d3       36%         1
 Blink                    Tloc           0%         N/A       52%         2
 Frozen Ramparts          Ice            0%         1d2       75%         3
 Hailstorm                Conj/Ice       0%         3d3       98%         4
 Manifold Assault         Tloc           0%         N/A       100%        5
 Storm Form               Tmut/Air       0%         N/A       100%        7


Dungeon Overview and Level Annotations

Branches:
Dungeon (2/15)

Altars:


Innate Abilities, Weirdness & Mutations

You are immune to sickness and miasma.
Your stone body is resilient. (AC +3)
You are immune to poison.
You resist negative energy. (rN+)
You are resistant to electric shocks. (rElec)
You are resistant to unholy torment.
You are immune to petrification.


Message History

You kill the ball python!
No target in view!
No target in view!
You see here a ball python corpse.
You see here a ball python corpse.
You open the door.
There is an open door here.
Done exploring.
Done exploring.
Done exploring.
Done exploring.
No target in view!
No target in view!
There is a stone staircase leading down here.
You climb downwards.
The adder hisses angrily.
There is a stone staircase leading up here.
Found a scroll labelled XECVEY HURIO.
An adder is nearby!
An adder is nearby!
Found a scroll labelled UCIMEA FABU.
The adder completely misses you. The adder closely misses you.
You sock the adder!
The adder seems to slow down.
You freeze the adder.
The adder is almost dead.
The adder bites you but does no damage.
You thump the adder! You burn the adder.
You kill the adder!
No target in view!
h - a scroll labelled UCIMEA FABU You now have 37 gold pieces (gained 6).
Found a dagger.
You see here a +0 dagger.
A rat comes into view.
A rat is nearby!
The rat bites you but does no damage.
You closely miss the rat. The rat bites you.
You hit the rat.
You kill the rat!
No target in view!
Are you sure you want to abandon this character and quit the game? (Confirm with "yes".)

.. .# #. #.# .#
##. #.# ?#
....#.# .#
#..#.##.#
#....†..# ##
...##.#..@###.##
#######
#...........#.#
#......
###.#<..###.#
#.##.#. .. ##.##
#.######.##.#. #
#.#
#...........#)
#.#
########.####.
####.# #.####.
#....#######
#......
#.#........#
#######


There were no monsters in sight!

Vanquished Creatures
  An adder (D:2)
  2 dart slugs (D:1)
  3 ball pythons (D:1)
  A bat (D:1)
  2 endoplasms (D:1)
  A giant cockroach (D:1)
  2 goblins (D:1)
  7 hobgoblins (D:1)
  2 quokkas (D:1)
  2 frilled lizards (D:1)
  A kobold (D:1)
  6 rats
30 creatures vanquished.

Notes
Turn   | Place    | Note
-------+----------+-------------------------------------------
     0 | D:1      | Bruhh the Gargoyle Chaos Knight began the quest for the
                  | Orb.
     0 | D:1      | Reached XP level 1. HP: 14/14 MP: 1/1
   192 | D:1      | Reached XP level 2. HP: 19/19 MP: 2/2
   546 | D:1      | Found a faded altar of an unknown god.
   636 | D:1      | XOM: noise
   671 | D:1      | Reached XP level 3. HP: 24/24 MP: 3/3
   696 | D:1      | Reached skill level 4 in Fighting
  1135 | D:1      | XOM: scenery: 1 doors close
  1324 | D:2      | Quit the game

Illustrated notes

Levels and vault maps discovered:
D:1:      psy_arrival_whirlpool, layout_basic, basic_ecumenical_altar
D:2:      layout_loops_cross, minmay_misc_feat_iff, uniq_robin

Skill      XL: |  1  2  3 |
---------------+----------+-----
Fighting       | 4 |  4.2
Maces & Flails | |  3.8
Armour         | |  2.1
Dodging        | |  0.7

Action                   || total
-------------------------++-------
Melee: Mace              ||    93
Armor: Leather armour    ||    38
Dodge: Dodged            ||    73

Table legend: (Time is in decaauts)
 A = Elapsed time spent in this place.
 B = Non-inter-level travel time spent in this place.
 C = Inter-level travel time spent in this place.
 D = Time resting spent in this place.
 E = Time spent auto-exploring this place.
 F = Levels seen in this place.
 G = Mean time per level.
                   A        B        C        D        E       F      G
               +--------+--------+--------+--------+--------+-----+--------+
         Total |   1348 |   1323 |     25 |      0 |   1109 |   2 |  674.0 |
       Dungeon |   1348 |   1323 |     25 |      0 |   1109 |   2 |  674.0 |
               +--------+--------+--------+--------+--------+-----+--------+

Top non-repeatable levels by time:
     D:1: 1248 daAuts
     D:2: 99 daAuts
